 Dungeon Crawl Stone Soup version 0.30.0 (webtiles) character file.

Game seed: 13204253775164049388

851 Esekla the Slasher (level 8, 0/57 HPs)
             Began as a Formicid Wanderer on May 7, 2023.
             Slain by a mummy (14 damage)
             ... in an ossuary.
             The game lasted 00:27:28 (5044 turns).

Esekla the Slasher (Formicid Wanderer)              Turns: 5044, Time: 00:27:28

Health: 0/57       AC:  4    Str: 16    XL:     8   Next: 21%
Magic:  11/11      EV: 12    Int: 13    God:
Gold:   420        SH:  0    Dex: 21    Spells: 5/12 levels left

rFire   . . .        a - +2 falchion
rCold   . . .        (no shield)
rNeg    . . .        d - +0 leather armour
rPois   +            (helmet unavailable)
rElec   +            (no cloak)
rCorr   .            b - +0 pair of gloves
SInv    +            (no boots)
Will    .....        B - amulet of magic regeneration
Stlth   +++          p - +6 ring of dexterity
HPRegen 0.29/turn    y - ring of the Meadowlark {rElec rPois Slay+5}
MPRegen 0.52/turn

%: no passive effects
@: wereblooded
A: permanent stasis, dig shafts and tunnels, antennae 3, four strong arms
a: Dig


You were in an ossuary.
You visited 2 branches of the dungeon, and saw 7 of its levels.
You also visited: Ossuary.

You collected 420 gold pieces.

Inventory:

Hand Weapons
 a - a +2 falchion (weapon)
 r - a +0 spear
 s - a +0 vampiric dagger
Missiles
 t - 4 boomerangs (quivered)
 D - 28 poisoned darts
Armour
 b - a +0 pair of gloves (worn)
 d - a +0 leather armour (worn)
Jewellery
 p - a +6 ring of dexterity (left hand)
 q - a ring of ice
 x - the ring "Yblu" {rPois rF+ rCorr MP+9 Str-5}
   (You found it on level 3 of the Dungeon)

   [ring of poison resistance]

   Str:       It affects your strength (-5).
   rF:        It protects you from fire.
   rPois:     It protects you from poison.
   MP:        It affects your magic capacity (+9).
   rCorr:     It protects you from acid and corrosion.
 y - the ring of the Meadowlark (right hand) {rElec rPois Slay+5}
   (You found it on level 3 of the Dungeon)

   [ring of poison resistance]

   Slay:      It affects your accuracy & damage with ranged weapons and melee
   (+5).
   rElec:     It insulates you from electricity.
   rPois:     It protects you from poison.
 B - an amulet of magic regeneration (around neck)
Wands
 w - a wand of flame (36)
 E - a wand of mindburst (3)
 F - a wand of paralysis (11)
Scrolls
 c - 2 scrolls of fear
 e - 2 scrolls of poison {unknown}
 f - a scroll of enchant weapon {unknown}
 i - 3 scrolls of enchant armour {unknown}
 k - a scroll of fog {unknown}
 l - 3 scrolls of magic mapping
 n - 2 scrolls of immolation {unknown}
 u - a scroll of amnesia {unknown}
Potions
 g - 3 potions of attraction
 h - a potion of mutation {unknown}
 j - a potion of resistance
 m - a potion of cancellation
 o - a potion of brilliance
 v - 2 potions of curing
 z - a potion of ambrosia
 A - a potion of lignification {unknown}
 C - a potion of invisibility


   Skills:
 * Level 2.7 Fighting
 + Level 0.1(3.4) Short Blades
 * Level 5.7 Long Blades
 * Level 3.3 Armour
 + Level 1.6 Dodging
 + Level 3.9 Stealth
 * Level 2.6 Spellcasting
 * Level 1.9 Conjurations
 * Level 3.4 Transmutations
 * Level 1.3 Air Magic
 * Level 1.9 Poison Magic


You had 5 spell levels left.
You knew the following spells:

 Your Spells              Type           Power      Damage    Failure   Level
c - Mephitic Cloud        Conj/Pois/Air  6%         N/A       38%         3
e - Searing Ray           Conj           12%        2d4       21%         2
w - Wereblood             Tmut           10%        N/A       11%         2

Your spell library contained the following spells:

 Spells                   Type           Power      Damage    Failure   Level
 Magic Dart               Conj           24%        1d4       13%         1
 Foxfire                  Conj/Fire      16%        2x1d4     19%         1
 Passwall                 Tmut/Erth      5%         N/A       22%         2
 Call Imp                 Summ           2%         N/A       41%         2
 Fulminant Prism          Conj/Hex       2%         3d5       88%         4
 Blade Hands              Tmut           5%         N/A       88%         5
 Animate Armour           Summ/Erth      2%         N/A       96%         4
 Animate Dead             Necr           1%         N/A       96%         4
 Fireball                 Conj/Fire      2%         3d4       99%         5
 Borgnjor's Vile Clutch   Necr/Erth      0%         N/A       100%        5
 Death Channel            Necr           0%         N/A       100%        6
 Iron Shot                Conj/Erth      2%         9d2       100%        6
 Plasma Beam              Fire/Air       1%         2x1d12    100%        6
 Starburst                Conj/Fire      2%         6d3       100%        6
 Borgnjor's Revivificati  Necr           0%         N/A       100%        8
 Necromutation            Tmut/Necr      3%         N/A       100%        8
 Death's Door             Necr           0%         N/A       100%        9


Dungeon Overview and Level Annotations

Branches:
Dungeon (6/15)             Temple (1/1) D:5         Ossuary (1/1)

Altars:
Cheibriados
Dithmenos
Fedhas
Gozag
Hepliaklqana
Makhleb
Okawaru
Ru
Sif Muna
Vehumet
Wu Jian
Xom
Yredelemnul
Zin
The Shining One

Annotations:
D:2 1 runed translucent door, Crazy Yiuf


Innate Abilities, Weirdness & Mutations

You cannot be hasted, slowed, berserked, paralysed or teleported.
You can dig through walls and to a lower floor.
You have a pair of large antennae on your head. (SInv)
Your four strong arms can wield two-handed weapons with a shield.


Message History

A kobold zombie comes into view.
The kobold zombie moves out of view.
A mummy comes into view.
You slash the hobgoblin zombie!
You destroy the hobgoblin zombie!
A mummy comes into view.
You slash the hobgoblin zombie!
The hobgoblin zombie is almost destroyed.
The hobgoblin zombie barely misses you.
You hit the hobgoblin zombie.
You destroy the hobgoblin zombie!
The kobold zombie hits you but does no damage.
You barely miss the kobold zombie.
You howl as the wereblood boils in your veins!
Your primal bloodlust is almost over.
You barely miss the mummy. The mummy hits you!
You slash the mummy!
The mummy is heavily damaged.
You slash the mummy!
The mummy is almost destroyed.
The mummy barely misses you. The mummy hits you but does no damage.
You barely miss the mummy.
The mummy is almost destroyed.
You slash the mummy!
You feel a bit better.
You destroy the mummy!
You howl as the wereblood boils in your veins!
The mummy hits you!!
Your primal bloodlust has ended.
Casting: Wereblood (safe; 11% risk of failure)
Confirm with . or Enter, or press ? or * to list all spells.
Your blood is infused with primal strength.
There is a gate leading back out of this place here.
There is an empty arch of ancient stone here.
The mummy hits you.
You barely miss the mummy. The mummy hits you!
* * * LOW HITPOINT WARNING * * *
There is an empty arch of ancient stone here.
The mummy hits you!
You die...

#....#
#....#
#....#
#....#
#....#
#....#
#....#


#MMMZ# #.∩@.# ###### You could see 3 mummies and a kobold zombie.

Vanquished Creatures
  A centaur (D:5)
  A kobold brigand (D:5)
  3 hounds
  A jelly (D:5)
  Natasha (thrice) (D:2)
  4 iguanas
  4 orc wizards
  3 mummies (Ossuary)
  10 adders
  6 gnolls
  5 worms
  3 dart slugs
  12 orcs
  8 endoplasms
  2 giant cockroaches
  9 goblins
  6 hobgoblins
  4 jackals (D:1)
  A quokka (D:3)
  7 ball pythons
  7 bats
  2 frilled lizards
  A gnoll zombie (Ossuary)
  3 hobgoblin zombies (Ossuary)
  7 kobolds
  A kobold zombie (Ossuary)
  2 orc zombies (Ossuary)
  8 rats
124 creatures vanquished.

Notes
Turn   | Place    | Note
-------+----------+-------------------------------------------
     0 | D:1      | Esekla the Formicid Wanderer began the quest for the Orb.
     0 | D:1      | Esekla set off with the following items: a +2 falchion, a
                  | +0 pair of gloves, a scroll of fear, a +0 leather armour;
                  | and the following spells available to memorise: Wereblood,
                  | Passwall.
     0 | D:1      | Reached XP level 1. HP: 13/13 MP: 2/2
   162 | D:1      | Reached XP level 2. HP: 19/19 MP: 3/3
   171 | D:1      | Learned a level 2 spell: Wereblood
   238 | D:2      | Found a snail-covered altar of Cheibriados.
   317 | D:2      | Noticed Natasha
   468 | D:1      | Reached XP level 3. HP: 24/24 MP: 2/4
  1333 | D:2      | Killed Natasha
  1334 | D:2      | Reached skill level 1 in Fighting
  1334 | D:2      | Reached skill level 4 in Long Blades
  1334 | D:2      | Reached XP level 4. HP: 20/32 MP: 4/6
  1474 | D:2      | Found a runed translucent door.
  1475 | D:2      | Noticed Crazy Yiuf
  1501 | D:2      | Noticed Natasha
  1509 | D:2      | Killed Natasha
  1514 | D:2      | Noticed Natasha
  1529 | D:2      | Killed Natasha
  1530 | D:2      | Reached XP level 5. HP: 17/37 MP: 7/7
  2222 | D:3      | Reached XP level 6. HP: 35/43 MP: 8/8
  2227 | D:3      | Identified the ring "Yblu" {rPois rF+ rCorr MP+9 Str-5}
  2231 | D:3      | Identified the ring of the Meadowlark {rElec rPois Slay+5}
  2361 | D:3      | Reached skill level 1 in Conjurations
  2850 | D:4      | Learned a level 2 spell: Searing Ray
  2996 | D:4      | Learned a level 3 spell: Mephitic Cloud
  3471 | D:4      | Reached XP level 7. HP: 39/49 MP: 9/9
  3522 | D:4      | Reached skill level 1 in Poison Magic
  3639 | D:4      | Found an ornate altar of the Wu Jian Council.
  3697 | D:5      | Entered Level 5 of the Dungeon
  3766 | D:5      | Found a sacrificial altar of Ru.
  3767 | D:5      | Found an opulent altar of Gozag.
  4002 | D:5      | Reached skill level 5 in Long Blades
  4388 | D:5      | Reached skill level 1 in Air Magic
  4431 | D:5      | Found a shimmering altar of Xom.
  4432 | D:5      | Found a radiant altar of Vehumet.
  4463 | D:5      | Found a staircase to the Ecumenical Temple.
  4469 | Temple   | Entered the Ecumenical Temple
  4792 | D:5      | Reached XP level 8. HP: 57/57 MP: 11/11
  4953 | D:6      | Found a sand-covered staircase.
  4971 | Ossuary  | Entered an ossuary
  5044 | Ossuary  | Slain by a mummy

Illustrated notes

Levels and vault maps discovered:
D:1:      amcnicky_arrival_choice, layout_loops_cross, hangedman_feature_mirror,
          st_stairs_9
D:2:      layout_basic, basic_altar, uniq_crazy_yiuf_cottage, uniq_natasha
D:3:      layout_loops_ring
D:4:      layout_cave_pods, nicolae_wu_jian_immortal_techniques
D:5:      nicolae_cairo_tiling, layout_loops_cross, kennysheep_vampire_church,
          gammafunk_temple_overflow_statue, mainiacjoe_overflow_alcove_3
D:6:      layout_loops_ring, nicolae_overflow_hidden_temple,
          nicolae_ossuary_entry_monument
Temple:   nicolae_temple_two_arcs
Ossuary:  ossuary_tomb_3

Skill      XL: |  1  2  3  4  5  6  7 |
---------------+----------------------+-----
Fighting       | 1 2 |  2.7
Long Blades    | 4 5 |  5.7
Stealth        | 3 |  3.9
Armour         | 2 3 |  3.3
Conjurations   | 1 |  1.9
Transmutations | 3 |  3.4
Poison Magic   | 1 |  1.9
Spellcasting   | 2 |  2.6
Air Magic      | 1 |  1.3
Short Blades   | |  0.1
Dodging        | |  1.6

Action                     |  1- 3 |  4- 6 |  7- 9 || total
---------------------------+-------+-------+-------++-------
  Melee: Falchion          |    71 |   127 |   107 ||   305
         Dagger            |     2 |     2 |     5 ||     9
         Punch             |       |       |     1 ||     1
  Throw: Boomerang         |       |     2 |     3 ||     5
         Dart              |       |       |     1 ||     1
   Cast: Wereblood         |     5 |     4 |    10 ||    19
         Searing Ray       |       |       |     1 ||     1
Ability: Dig               |     1 |       |       ||     1
    Use: Scroll            |       |     1 |    11 ||    12
         Potion            |       |       |     2 ||     2
   Stab: Sleeping          |     5 |     4 |     6 ||    15
 Armour: Leather armour    |    25 |    26 |    16 ||    67
  Dodge: Dodged            |    48 |    69 |    47 ||   164
